 Dungeon Crawl Stone Soup version 0.25.1-2-g60ff931df9 (webtiles) character file.

Game seed: 2820297063659781106

100 CrazyMind the Conjurer (level 4, -6/33 HPs)
             Began as a Draconian Conjurer on Aug 30, 2020.
             Killed by divine providence
             ... invoked by an orc priest
              (11 damage)
             ... on level 3 of the Dungeon.
             The game lasted 00:13:37 (3042 turns).

CrazyMind the Conjurer (Draconian Conjurer)         Turns: 3042, Time: 00:13:37

Health: -6/33      AC:  6    Str: 11    XL:     4   Next: 47%
Magic:  1/8        EV: 12    Int: 16    God:
Gold:   86         SH:  0    Dex: 11    Spells: 5/8 levels left

rFire    . . .     SeeInvis .   r - +4 dagger (speed)
rCold    . . .     Gourm    .   (no shield)
rNeg     . . .     Faith    .   (armour unavailable)
rPois    .         Spirit   .   (helmet restricted)
rElec    .         Reflect  .   (no cloak)
rCorr    +         Harm     .   (no gloves)
MR       .....                  x - +0 pair of boots
Stlth    ++........             (no amulet)
HPRegen  0.11/turn              d - ring of resist corrosion
MPRegen  0.11/turn              (no ring)

@: no status effects
A: unfitting armour, cold-blooded, AC +5
a: no special abilities


You were on level 3 of the Dungeon.
You were hungry.

You visited 1 branch of the dungeon, and saw 3 of its levels.

You collected 86 gold pieces.

Inventory:

Hand Weapons
 c - a +0 short sword
 r - a +4 dagger of speed (weapon)
Missiles
 a - 128 stones (quivered)
Armour
 x - a +0 pair of boots (worn)
Jewellery
 d - a ring of resist corrosion (left hand)
Wands
 w - a wand of paralysis (10)
Scrolls
 f - 2 scrolls of immolation {unknown}
 h - a scroll of magic mapping {unknown}
 i - a scroll of blinking {unknown}
 j - 2 scrolls of enchant armour {unknown}
 l - 2 scrolls of remove curse {unknown}
 q - a scroll of teleportation {unknown}
 t - a scroll of identify {unknown}
 u - a scroll of fog {unknown}
Potions
 e - a potion of mutation {unknown}
 g - 2 potions of heal wounds {unknown}
 k - a potion of haste {unknown}
 m - 2 potions of stabbing {unknown}
 n - a potion of ambrosia {unknown}
 o - a potion of lignification {unknown}
 p - a potion of curing {unknown}
 s - a potion of invisibility {unknown}
Comestibles
 b - a ration


   Skills:
 + Level 2.2 Dodging
 - Level 1.7 Stealth
 + Level 2.8 Spellcasting
 + Level 5.3 Conjurations


You had 5 spell levels left.
You knew the following spells:

 Your Spells              Type           Power        Failure   Level  Hunger
a - Magic Dart            Conj           ###.         2%          1    #......
b - Searing Ray           Conj           ###...       3%          2    ##.....

Your spell library contained the following spells:

 Spells                   Type           Power        Failure   Level  Hunger
 Conjure Flame            Conj/Fire      ##......     19%         3    ###....
 Dazzling Flash           Conj/Hex       ##....       19%         3    ###....
 Blink                    Tloc           N/A          28%         2    ##.....
 Call Imp                 Summ           #.......     28%         2    ##.....
 Slow                     Hex            #.......     28%         2    ##.....
 Mephitic Cloud           Conj/Pois/Air  #.......     28%         3    ###....
 Fulminant Prism          Conj/Hex       ##........   54%         4    #####..
 Iskenderun's Mystic Bla  Conj/Tloc      ##......     54%         4    #####..


Dungeon Overview and Level Annotations

Branches:
Dungeon (3/15)

Altars:

Annotations:
D:2 Jessica
D:3 Ijyb


Innate Abilities, Weirdness & Mutations

Your plain brown scales are hard. (AC +5)
You cannot fit into any form of body armour.
You are cold-blooded and may be slowed by cold attacks.


Message History

The orc priest is moderately wounded.
The orc priest invokes the aid of Beogh against you.
Beogh smites you!
The searing ray hits the orc priest.
The orc priest is heavily wounded.
You finish channeling your searing ray.
The orc priest invokes the aid of Beogh against you.
Beogh smites you!
* * * LOW HITPOINT WARNING * * *
Casting: Searing Ray (safe; 3% risk of failure)
Confirm with . or Enter, or press ? or * to list all spells.
Aiming: Searing Ray (safe; 3% risk of failure)
Press: ? - help, Shift-Dir - straight line, f/p - orc priest
Aim: an orc priest, wielding a +1 flail of protection (heavily wounded)
The searing ray hits the orc priest but does no damage.
The orc priest is heavily wounded. (Press . to maintain the ray.)
The orc priest invokes the aid of Beogh against you.
Beogh smites you!
You die...

....##.# #.#.# #..
###.##.##### #.#.# #.#
.............#.#.#######.#
###.##.#####.........o...#
###.##.# #.#.....####..#
.......#####.###.#.# #>.#
###........#.# #o#.# #..#
#..#####.#.# #.#.# #..#
#..# #.#.# #@#)# #...
###..# #.#.###.#.# #.#.#
รท....#####.#.[...#.#
#.#.# ####.##........###.#
#.... ####.##.##.###.#
....#..........#
####.#.###.###.# #.#.# #.#
#.# #.#.###.# #..


You could see an orc priest.

Vanquished Creatures
  2 adders
  A dart slug (D:1)
  4 leopard geckos
  2 orcs (D:3)
  3 ball pythons (D:3)
  9 bats
  A giant cockroach (D:2)
  10 goblins
  8 hobgoblins
  6 jackals (D:2)
  8 kobolds
  2 quokkas (D:3)
  3 frilled lizards
  9 rats
68 creatures vanquished.

Notes
Turn   | Place    | Note
-------+----------+-------------------------------------------
     0 | D:1      | CrazyMind the Draconian Conjurer began the quest for the
                  | Orb.
     0 | D:1      | Reached XP level 1. HP: 14/14 MP: 3/3
   289 | D:1      | Reached XP level 2. HP: 20/20 MP: 1/5
   336 | D:1      | Learned a level 2 spell: Searing Ray
   930 | D:1      | Reached XP level 3. HP: 26/26 MP: 3/6
  1176 | D:2      | Noticed Jessica
  1297 | D:2      | Reached skill level 5 in Conjurations
  2074 | D:2      | Reached XP level 4. HP: 33/33 MP: 3/7
  3025 | D:3      | Noticed Ijyb
  3042 | D:3      | Killed from afar by an orc priest

Illustrated notes

Levels and vault maps discovered:
D:1:      minmay_arrival_shattered_statue, layout_loops_ring
D:2:      layout_loops_ring, minmay_misc_feat_enclosed, uniq_jessica
D:3:      layout_loops_ring, grunt_dithmenos_smoke, uniq_terence,
          uniq_crazy_yiuf_cottage, uniq_ijyb, uniq_grinder

Skill      XL: |  1  2  3 |
---------------+----------+-----
Dodging        | 2 |  2.2
Conjurations   | 5 |  5.3
Stealth        | |  1.7
Spellcasting   | |  2.8

Action                   |  1- 3 |  4- 6 || total
-------------------------+-------+-------++-------
Melee: Short sword       |    24 |       ||    24
       Dagger            |       |    10 ||    10
 Cast: Magic Dart        |    65 |    17 ||    82
       Searing Ray       |     8 |     7 ||    15
 Stab: Sleeping          |     3 |     1 ||     4
  Eat: Chunk             |     5 |     3 ||     8
Armor: Skin              |    10 |     4 ||    14
Dodge: Dodged            |    42 |     6 ||    48
